Map: Vaani Research Station (Void)

Players

Fropez - Winner!

  • Race: Protoss Protoss
  • League: Gold
  • Spawn Location: 6:00

YNSDA

  • Race: Terran Terran
  • League: Gold
  • Spawn Location: 12:00

VOD

Have the link to the VOD?

Description

Time

  • Played on: Dec. 24, 2016, 4 p.m.
  • Length: 13:20
Show
View Real Time Build Order
Export as new Build Order

Fropez Protoss - Winner!

Build Orders: 1 Gate Expand 

Get SALT Encoding   

  12  0:02  Probe (Chrono Boost)  
  13  0:12  Probe (Chrono Boost)  
  14  0:19  Pylon  
  14  0:23  Probe (Chrono Boost)  
  15  0:37  Probe (Chrono Boost)  
  15  0:39  Gateway  
  16  0:48  Probe (Chrono Boost)  
  17  0:51  Assimilator  
  17  0:58  Probe (Chrono Boost)  
  18  1:09  Probe (Chrono Boost)  
  19  1:19  Probe (Chrono Boost)  
  20  1:30  Nexus  
  20  1:37  Probe (Chrono Boost)  
  21  1:50  Probe (Chrono Boost)  
  21  1:52  Assimilator  
  22  1:56  Cybernetics Core  
  22  2:01  Probe (Chrono Boost)  
  23  2:10  Pylon  
  23  2:20  Warp Gate  
  23  2:24  Gateway  
  23  2:29  Probe (Chrono Boost)  
  24  2:33  Pylon  
  24  2:43  Probe (Chrono Boost)  
  27  2:44  Mothership Core (Chrono Boost)  
  27  2:50  Adept  
  29  2:55  Probe (Chrono Boost)  
  30  2:58  Twilight Council  
  30  3:03  Probe (Chrono Boost)  
  31  3:10  Pylon  
  31  3:12  Assimilator  
  32  3:14  Probe (Chrono Boost)  
  32  3:20  Pylon  
  32  3:30  Forge  
  32  3:33  Adept, Resonating Glaives  
  33  3:59  Adept  
  35  4:05  Protoss Ground Weapons Level 1  
  35  4:06  Photon Cannon  
  35  4:07  Probe (Chrono Boost)  
  35  4:08  Probe (Chrono Boost)  
  37  4:33  Probe (Chrono Boost)  
  37  4:35  Probe (Chrono Boost)  
  39  4:44  Probe (Chrono Boost), Gateway  
  39  4:45  Pylon, Gateway  
  40  4:49  Probe (Chrono Boost)  
  40  4:50  Pylon, Assimilator  
  41  4:56  Probe (Chrono Boost)  
  42  5:00  Blink  
  42  5:04  Adept x2  
  42  5:07  Probe (Chrono Boost)  
  48  5:08  Probe (Chrono Boost)  
  48  5:19  Probe (Chrono Boost)  
  48  5:20  Probe (Chrono Boost)  
  50  5:23  Robotics Facility  
  50  5:31  Probe (Chrono Boost)  
  50  5:33  Probe (Chrono Boost), Stalker x2  
  56  5:48  Probe (Chrono Boost)  
  57  5:51  Photon Cannon, Protoss Ground Armor Level 1  
  57  5:52  Probe (Chrono Boost)  
  57  5:55  Stalker  
  60  6:00  Probe (Chrono Boost)  
  62  6:04  Probe (Chrono Boost)  
  62  6:05  Stalker x2  
  67  6:12  Probe (Chrono Boost)  
  67  6:14  Observer  
  68  6:22  Probe (Chrono Boost)  
  68  6:24  Probe (Chrono Boost), Stalker x2  
  74  6:31  Photon Cannon  
  75  6:34  Probe (Chrono Boost)  
  75  6:37  Probe (Chrono Boost)  
  75  6:39  Pylon  
  72  6:43  Adept x2  
  76  7:08  Stalker x3  
  80  7:27  Stalker, Protoss Ground Weapons Level 2  
  82  7:57  Stalker x3  
  82  7:58  Stalker  
  90  8:09  Nexus, Probe x2 (Chrono Boost)  
  90  8:11  Pylon  
  92  8:13  Pylon  
  92  8:17  Assimilator  
  92  8:21  Assimilator  
  92  8:23  Pylon  
  90  9:02  Stalker x2  
  86  9:03  Stalker x2  
  86  9:23  Probe (Chrono Boost)  
  87  9:24  Gateway  
  87  9:26  Gateway  
  87  9:29  Gateway  
  87  9:31  Photon Cannon  
  87  9:33  Photon Cannon  
  87  9:36  Photon Cannon  
  87  9:37  Pylon  
  87  9:40  Probe (Chrono Boost)  
  87  9:41  Pylon, Probe (Chrono Boost)  
  87  9:42  Probe (Chrono Boost), Stalker x4  
  87  9:44  Pylon  
  98  9:48  Pylon  
  98  9:49  Warp Prism, Gateway  
  98  9:50  Pylon  
  98  9:52  Pylon, Probe (Chrono Boost)  
  102  9:54  Pylon, Probe (Chrono Boost)  
  102  9:56  Pylon  
  102  10:02  Protoss Ground Weapons Level 3, Gateway  
  102  10:04  Photon Cannon  
  102  10:06  Photon Cannon  
  100  10:10  Stalker x2  
  100  10:11  Stalker x2  
  100  10:12  Pylon  
  100  10:16  Probe (Chrono Boost)  
  100  10:17  Probe x2 (Chrono Boost)  
  103  10:25  Stalker x2  
  107  10:36  Observer  
  107  10:38  Stalker x4  
  116  11:06  Stalker x2  
  116  11:07  Stalker x5  
  116  11:08  Stalker  
  132  11:42  Stalker  
  132  11:43  Stalker x6  
  133  12:08  Adept x2  
  133  12:10  Adept x3  
  133  12:11  Adept x4  
  143  12:37  Stalker x3  
  143  12:38  Stalker x2  
  143  12:40  Adept  
  155  12:45  Adept, Pylon  
  157  12:51  Adept x2  
  157  13:13  Nexus  
Show
View Real Time Build Order
Export as new Build Order

YNSDA Terran 

Build Orders: MMM Bio 

Get SALT Encoding   

  12  0:11  Supply Depot  
  12  0:13  SCV  
  13  0:22  Refinery  
  13  0:26  SCV  
  14  0:42  Barracks  
  14  0:56  SCV  
  15  1:08  Supply Depot  
  15  1:09  SCV  
  16  1:29  Marine  
  17  1:39  Refinery  
  17  1:50  Marine  
  18  2:01  Factory  
  18  2:04  SCV  
  19  2:12  Marine  
  20  2:17  SCV  
  21  2:37  Marine  
  21  2:39  Command Center  
  21  2:40  SCV  
  23  3:01  SCV  
  23  3:02  Marine  
  25  3:07  Widow Mine  
  26  3:21  Starport  
  26  3:27  Marine  
  27  3:58  Marine  
  27  3:59  Medivac  
  30  4:06  SCV  
  28  4:25  Liberator  
  24  4:33  SCV  
  28  4:47  Factory  
  28  4:49  Orbital Command, Supply Depot  
  28  4:52  SCV  
  29  4:56  Marine, Refinery  
  30  5:04  SCV, Refinery, Barracks  
  31  5:11  Liberator  
  31  5:15  Marine  
  31  5:17  SCV  
  34  5:23  Orbital Command  
  36  5:39  Marine  
  36  5:41  Factory Tech Lab  
  37  5:44  SCV  
  38  5:52  Barracks Tech Lab  
  38  5:56  SCV  
  39  5:57  Marine, SCV, Engineering Bay  
  41  6:06  Cyclone  
  41  6:08  SCV  
  41  6:11  Stimpack  
  45  6:15  Marine  
  46  6:23  Marine  
  47  6:33  Marine  
  47  6:41  Marine  
  47  6:43  Cyclone  
  47  6:46  SCV x2  
  53  6:51  Marine  
  54  6:59  SCV, Barracks  
  54  7:03  Barracks  
  54  7:06  Marine  
  54  7:28  Terran Infantry Weapons Level 1  
  54  7:32  Marine x2, SCV x2, Cyclone  
  54  7:33  Supply Depot  
  54  7:34  Supply Depot x2  
  61  7:45  SCV  
  61  7:46  Engineering Bay  
  61  7:50  Armory  
  62  7:55  Marine x2, Medivac  
  66  8:03  Barracks Tech Lab  
  66  8:04  Barracks Tech Lab  
  66  8:07  Cyclone  
  69  8:13  Marine x2  
  69  8:16  Terran Infantry Armor Level 1  
  71  8:20  Concussive Shells  
  71  8:25  Medivac  
  72  8:37  Marauder x2  
  72  8:38  Marauder  
  67  8:58  Marine x2  
  67  8:59  Marine, Marauder  
  71  9:03  SCV, Combat Shields  
  71  9:16  Marine x3  
  74  9:19  Marine, Starport Tech Lab  
  75  9:26  Starport  
  75  9:29  Terran Infantry Weapons Level 2  
  75  9:34  Marine x2  
  77  9:42  Marine x2  
  79  9:52  Marine x2, Cyclone  
  79  10:11  Marine x3  
  81  10:25  Marine  
  81  10:27  Medivac  
  84  10:28  Marine  
  84  10:29  Marine  
  86  10:45  Supply Depot  
  86  10:46  Supply Depot  
  86  10:51  SCV x2  
  86  11:06  Marine x4, Medivac  
  86  11:07  SCV  
  86  11:08  Siege Tank  
  96  11:41  Marine  
  96  11:42  Marine x3  
  100  11:48  Cyclone  
  95  11:59  Marine  
  91  12:04  Marine x3  
  91  12:07  Liberator  
  74  12:17  Marine  
  74  12:20  Cyclone  
  74  12:22  Marine  
  75  12:23  Marine x2  
  78  12:35  Marine  
  74  12:39  Marine  
  64  12:46  Marine x2  
  59  12:53  Marine  
  59  12:57  Marine  
Tags
 
Add a new tag
Caveats
  • Supply blocks, unpowered buildings, or Contaminate may cause inaccurate times.
  • Supply counts are checked every 10 seconds.